 Dungeon Crawl Stone Soup version 0.29-a0-234-g0dae59b3db (webtiles) character file.

Game seed: 16035813653352012978

3771 jlumianski the Cleaver (level 9, -8/109 HPs)
             Began as a Demonspawn Gladiator on Mar 2, 2022.
             Was a Priest of Okawaru.
             Mangled by an orc warlord
             ... wielding a +0 war axe
              (24 damage)
             ... in a bailey.
             The game lasted 00:43:33 (8712 turns).

jlumianski the Cleaver (Demonspawn Gladiator)       Turns: 8712, Time: 00:43:34

Health: -8/109     AC: 16    Str: 19    XL:     9   Next: 94%
Magic:  12/12      EV: 18    Int: 10    God:    Okawaru [***...]
Gold:   161        SH:  0    Dex: 14    Spells: 9/12 levels left

rFire   . . .      SeeInvis .   K - +0 broad axe (freeze)
rCold   + . .      Faith    .   (no shield)
rNeg    + + .      Spirit   .   t - +3 leather armour of the Irksome Slorg {rElec rC+ rN++ Stlth+}
rPois   .          Reflect  .   c - +1 helmet
rElec   +          Harm     .   y - +0 cloak
rCorr   .          Rampage  .   (no gloves)
Will    .....                   (no boots)
Stlth   ..........              h - amulet of the acrobat
HPRegen 0.28/turn               i - +4 ring of protection
MPRegen 0.13/turn               (no ring)

@: mighty, agile, berserking (expiring), very quick
A: rugged brown scales 3, powered by pain 1, spiny 1, weakness stinger 2
a: Renounce Religion, Heroism


You were in a bailey.
You worshipped Okawaru.
Okawaru was most pleased with you.
You visited 2 branches of the dungeon, and saw 9 of its levels.
You also visited: Bailey.

You collected 477 gold pieces.
You spent 316 gold pieces at shops.

Inventory:

Hand Weapons
 a - a +1 war axe
 f - a +1 dagger of venom
 x - a +2 quarterstaff of chaos
 I - a +2 rapier of venom
 K - a +0 broad axe of freezing (weapon)
 O - a +0 spectral lajatang
Missiles
 d - 3 throwing nets
 g - 80 stones
 m - 6 atropa-tipped darts
 o - 23 boomerangs (quivered)
 s - 14 poisoned darts
 G - 12 curare-tipped darts
Armour
 b - a +0 leather armour
 c - a +1 helmet (worn)
 l - a +0 chain mail
 q - a +0 ring mail of poison resistance
 r - a +2 ring mail of fire resistance
 t - the +3 leather armour of the Irksome Slorg (worn) {rElec rC+ rN++ Stlth+}
   (You took it off a gnoll on level 3 of the Dungeon)

   rC:        It protects you from cold.
   rElec:     It insulates you from electricity.
   rN:        It greatly protects you from negative energy.
   Stlth:     It makes you more stealthy.
 y - a +0 cloak (worn)
 N - a +0 plate armour
Jewellery
 h - an amulet of the acrobat (around neck)
 i - a +4 ring of protection (left hand)
Wands
 p - a wand of iceblast (4)
 w - a wand of acid (6)
Scrolls
 n - 3 scrolls of blinking
 u - 4 scrolls of magic mapping
 v - 3 scrolls of teleportation
 B - a scroll of silence
Potions
 e - a potion of curing
 k - a potion of attraction
 A - a potion of brilliance
 D - 2 potions of mutation
 E - a potion of heal wounds
 F - a potion of haste {unknown}
 J - a potion of degeneration {unknown}
 L - a potion of might
 P - a potion of magic


   Skills:
 + Level 5.9 Fighting
 + Level 9.3 Axes
 + Level 1.8 Throwing
 + Level 4.1 Armour
 + Level 5.2 Dodging
 + Level 3.8 Stealth
 + Level 2.2 Spellcasting
 + Level 1.9 Conjurations
 + Level 1.3 Air Magic


You had 9 spell levels left.
You knew the following spells:

 Your Spells              Type           Power      Damage    Failure   Level
a - Shock                 Conj/Air       16%        1d4       19%         1
b - Searing Ray           Conj           8%         2d4       24%         2

Your spell library contained the following spells:

 Spells                   Type           Power      Damage    Failure   Level
 Magic Dart               Conj           16%        1d3       16%         1
 Freeze                   Ice            4%         1d3       34%         1
 Pain                     Necr           4%         1d4       34%         1
 Ensorcelled Hibernation  Hex/Ice        2%         N/A       47%         2
 Swiftness                Air            3%         N/A       52%         3
 Mephitic Cloud           Conj/Pois/Air  3%         N/A       56%         3
 Frozen Ramparts          Ice            2%         1d2       71%         3
 Gell's Gravitas          Tloc           1%         N/A       71%         3
 Lesser Beckoning         Tloc           1%         N/A       71%         3
 Spider Form              Tmut/Pois      1%         N/A       71%         3
 Teleport Other           Tloc           1%         N/A       71%         3
 Vampiric Draining        Necr           1%         2d6       71%         3
 Airstrike                Air            1%         N/A       90%         4
 Fulminant Prism          Conj/Hex       1%         3d6       93%         4
 Hailstorm                Conj/Ice       3%         3d3       93%         4
 Anguish                  Hex/Necr       0%         N/A       98%         4
 Ice Form                 Ice/Tmut       1%         N/A       98%         4
 Agony                    Necr           1%         N/A       100%        5
 Excruciating Wounds      Necr           0%         N/A       100%        5
 Animate Skeleton         Necr           Unusable   N/A       N/A         1
 Call Imp                 Summ           Unusable   N/A       N/A         2
 Simulacrum               Ice/Necr       Unusable   N/A       N/A         6

Dungeon Overview and Level Annotations

Branches:
Dungeon (8/15)             Temple (1/1) D:5          Bailey (1/1)
   Lair: D:8-11

Altars:
Ashenzari
Cheibriados
Dithmenos
Elyvilon
Fedhas
Gozag
Hepliaklqana
Kikubaaqudgha
Makhleb
Nemelex Xobeh
Okawaru
Qazlal
Ru
Sif Muna
Trog
Vehumet
Wu Jian
Xom
Yredelemnul
Zin
The Shining One

Shops:
D:5 !   D:6 *

Annotations:
D:7 Joseph


Innate Abilities, Weirdness & Mutations

You are completely covered in rugged brown scales. (AC +3, +7% HP)
You sometimes gain a little power by taking damage.
You are partially covered in sharp spines.
You have a tail ending in a sharp stinger.


Message History

Aim: an orc warlord, wielding a +0 war axe and wearing a +0 scale mail (lightly wounded, 75% to hit)
The bolt of acid hits the orc warlord!!
The acid corrodes the orc warlord!
The orc warlord is moderately wounded.
Aiming: Corrosive Bolt
Press: ? - help, Shift-Dir - straight line, f/p - orc warlord
Aim: an orc warlord, wielding a +0 war axe and wearing a +0 scale mail (moderately wounded, covered in acid, 75% to hit)
The bolt of acid hits the orc warlord!
The orc warlord seems to be corroded for longer.
The orc warlord is moderately wounded.
The orc warlord is struck by your spines.
The orc warlord hits you with a +0 war axe!
A red film seems to cover your vision as you go berserk!
You feel yourself moving faster!
You feel mighty! The orc warlord misses you.
You slice the orc warlord!! You freeze the orc warlord.
You tail-slap the orc warlord!
The orc warlord is severely wounded.
The orc warlord hits you with a +0 war axe!!
You focus on the pain.
You feel very mighty all of a sudden.
You slash the orc warlord! You freeze the orc warlord.
The orc warlord is almost dead.
The orc warlord is struck by your spines.
The orc warlord hits you with a +0 war axe!
You focus on the pain.
You feel agile all of a sudden.
You closely miss the orc warlord.
The orc warlord is almost dead.
The orc warlord hits you with a +0 war axe!!
* * * LOW HITPOINT WARNING * * *
You completely miss the orc warlord. You tail-slap the orc warlord!
The orc warlord is almost dead.
You barely miss the orc warlord.
The orc warlord is almost dead.
The orc warlord is struck by your spines.
The orc warlord misses you.
You barely miss the orc warlord.
The orc warlord is almost dead.
The orc warlord is struck by your spines.
The orc warlord hits you with a +0 war axe!!
You die...

♣##....##≈≈#####≈≈##....##♣
♣.##...#≈)?8...8?)≈#)..##.♣
♣♣..###'#≈.........≈#'###..♣♣
♣...≈≈≈.#≈..8...8..≈#.≈≈≈...♣
*♣...≈≈≈.##.........##.≈≈≈...♣*
*∩...≈≈≈.#≈....∩....≈#.≈≈≈...∩*
*♣...≈≈≈.#≈.........≈#)≈≈≈...♣*
♣...≈≈≈.#≈≈.8.o.8.≈≈#.≈≈≈...♣
♣♣..###'###...@...###'###..♣♣
♣.##....#≈.8...8.≈#....##.♣
♣##.....#≈≈≈≈≈≈≈≈≈#.....##♣
##......####≈≈≈####......##
#...8......#'''#......8...#
#.........................#
#.........................#
##..8..8...........8..8..##
##.......#######.......##


You could see an orc warlord (corroded).

Vanquished Creatures
  Pikel (D:5)
  Grinder (D:6)
  A steam dragon (D:6)
  4 vampire mosquitoes (D:7)
  Menkaure (D:5)
  Duvessa (D:7)
  A sky beast (D:6)
  An ice beast (D:5)
  3 black bears
  4 orc warriors
  A phantom (D:6)
  2 lemures (D:5)
  2 necrophages
  2 bullfrogs (D:6)
  4 scorpions
  4 wights (D:7)
  Dowan (D:7)
  A jelly (D:6)
  2 howler monkeys
  3 hounds
  Crazy Yiuf (D:3)
  3 orc priests (D:4)
  Ijyb (D:3)
  Jessica (D:2)
  2 iguanas (D:4)
  An orc wizard (D:4)
  6 gnolls
  11 adders
  A shadow imp (D:6)
  A white imp (D:5)
  3 ufetubi
  A worm (D:4)
  3 dart slugs
  10 orcs
  7 endoplasms
  5 giant cockroaches
  11 hobgoblins
  6 jackals
  7 quokkas
  7 ball pythons
  4 bats
  6 frilled lizards
  13 goblins
  13 kobolds
  6 rats
170 creatures vanquished.

Vanquished Creatures (others)
  An ufetubus (D:6)
1 creature vanquished.

Grand Total: 171 creatures vanquished

Notes
Turn   | Place    | Note
-------+----------+-------------------------------------------
     0 | D:1      | jlumianski the Demonspawn Gladiator began the quest for the
                  | Orb.
     0 | D:1      | Reached XP level 1. HP: 16/16 MP: 1/1
    67 | D:1      | Reached skill level 3 in Axes
   315 | D:1      | Gained mutation: You are partially covered in sharp spines.
                  | [demonic ancestry]
   315 | D:1      | Reached XP level 2. HP: 22/22 MP: 2/2
   345 | D:1      | HP: 1/22 [poisoned by a goblin]
   890 | D:2      | Noticed Jessica
  1248 | D:1      | Gained mutation: You have a small tail. [demonic ancestry]
  1248 | D:1      | Reached XP level 3. HP: 27/27 MP: 3/3
  1425 | D:2      | Killed Jessica
  1426 | D:2      | Reached skill level 1 in Armour
  1426 | D:2      | Gained mutation: You have a tail ending in a sharp stinger.
                  | [demonic ancestry]
  1426 | D:2      | Reached XP level 4. HP: 21/33 MP: 4/4
  1711 | D:2      | Found a shadowy altar of Dithmenos.
  1779 | D:2      | Reached skill level 4 in Axes
  1783 | D:2      | Found a faded altar of an unknown god.
  2015 | D:3      | Noticed Ijyb
  2025 | D:3      | Killed Ijyb
  2081 | D:3      | Gained mutation: You are partially covered in rugged brown
                  | scales. (AC +1, +3% HP) [demonic ancestry]
  2081 | D:3      | Reached XP level 5. HP: 15/40 MP: 5/5
  2961 | D:3      | Identified the +3 leather armour of the Irksome Slorg
                  | {rElec rC+ rN++ Stlth+}
  3272 | D:3      | Learned a level 1 spell: Shock
  3325 | D:3      | Found a runed translucent door.
  3326 | D:3      | Noticed Crazy Yiuf
  3357 | D:3      | Reached skill level 1 in Stealth
  3548 | D:3      | Killed Crazy Yiuf
  3817 | D:4      | Reached XP level 6. HP: 47/47 MP: 3/6
  3871 | D:4      | Reached skill level 5 in Axes
  4195 | D:4      | Noticed an orc warrior
  4240 | D:3      | Killed an orc warrior
  4421 | D:4      | Gained mutation: You are mostly covered in rugged brown
                  | scales. (AC +2, +5% HP) [demonic ancestry]
  4421 | D:4      | Reached XP level 7. HP: 41/54 MP: 7/7
  5007 | D:5      | Entered Level 5 of the Dungeon
  5087 | D:5      | Noticed Menkaure
  5094 | D:5      | Killed Menkaure
  5095 | D:5      | Reached skill level 6 in Axes
  5277 | D:5      | Found a staircase to the Ecumenical Temple.
  5286 | Temple   | Entered the Ecumenical Temple
  5525 | Temple   | Became a worshipper of Warmaster Okawaru
  5606 | D:5      | Found Roxties's Distillery.
  5611 | D:5      | Bought a potion of mutation for 104 gold pieces
  5611 | D:5      | Bought a potion of heal wounds for 65 gold pieces
  5611 | D:5      | Bought a potion of heal wounds for 65 gold pieces
  5787 | D:5      | Gained mutation: You sometimes gain a little power by
                  | taking damage. [demonic ancestry]
  5787 | D:5      | Reached XP level 8. HP: 63/63 MP: 6/8
  6067 | D:6      | Noticed Grinder
  6103 | D:6      | Killed Grinder
  6104 | D:6      | Reached skill level 7 in Axes
  6104 | D:6      | Reached skill level 1 in Spellcasting
  6181 | D:6      | Noticed Pikel
  6384 | D:5      | Killed Pikel
  6384 | D:5      | Reached * piety under Okawaru
  6385 | D:5      | Reached skill level 1 in Conjurations
  6482 | D:6      | Reached ** piety under Okawaru
  6483 | D:6      | Reached skill level 8 in Axes
  6483 | D:6      | Gained mutation: You are completely covered in rugged brown
                  | scales. (AC +3, +7% HP) [demonic ancestry]
  6483 | D:6      | Reached XP level 9. HP: 50/71 MP: 10/10
  6512 | D:6      | Reached skill level 1 in Air Magic
  6764 | D:6      | Reached skill level 5 in Fighting
  6849 | D:6      | Learned a level 2 spell: Searing Ray
  6978 | D:6      | Found Ofucago's Specific Store.
  6983 | D:6      | Found Gomuygay's General Store.
  6991 | D:6      | Bought a scroll of blinking for 82 gold pieces
  7167 | D:7      | Noticed Duvessa
  7177 | D:7      | Killed Duvessa
  7179 | D:7      | Noticed Dowan
  7196 | D:7      | Killed Dowan
  7743 | D:7      | Reached skill level 9 in Axes
  7743 | D:7      | Reached skill level 5 in Dodging
  7746 | D:7      | Reached *** piety under Okawaru
  7787 | D:7      | Noticed Joseph
  7937 | D:8      | Found a flagged portal.
  7976 | Bailey   | Entered a bailey
  8053 | Bailey   | Noticed an orc warlord
  8488 | Bailey   | Acquired a +0 spectral lajatang
  8503 | Bailey   | Found a runed translucent gate.
  8597 | Bailey   | Found a runed translucent gate.
  8598 | Bailey   | Found a runed translucent gate.
  8712 | Bailey   | Mangled by an orc warlord

Illustrated notes

Levels and vault maps discovered:
D:1:      dpeg_arrival_boxes_within_box, layout_basic,
          hangedman_abyss_or_decor_lesser_grid
D:2:      layout_rooms, hellmonk_ecumenical_altar_slurped_away, basic_altar,
          uniq_jessica
D:3:      layout_basic, minmay_fountain_box, uniq_ijyb, uniq_crazy_yiuf_cottage
D:4:      minmay_evil_eye, layout_basic
D:5:      layout_loops_cross, minmay_temple_entry_waves, serial_shops,
          nicolae_shop_hallway_plus, kennysheep_boxes, uniq_menkaure
D:6:      layout_gridville, roderic_serpentine_path, nicolae_specific_store,
          minmay_fractal_squares_diagonal_5, uniq_pikel, uniq_grinder
D:7:      layout_loops_corners, uniq_joseph, uniq_duvessa
D:8:      layout_loops_ring, enter_bailey_5, nicolae_wwwww, corner_web_ring,
          minmay_diamond_spiral
Temple:   mainiacjoe_temple_hex_bubbles
Bailey:   bailey_axe_bossmonster_kennysheep, bailey

Skill      XL: |  1  2  3  4  5  6  7  8  9 |
---------------+----------------------------+-----
Axes           | 3 4 5 6 8 9 |  9.3
Dodging        | 3 4 5 |  5.2
Armour         | 1 2 3 4 |  4.1
Stealth        | 1 2 3 |  3.8
Fighting       | 3 4 5 |  5.9
Spellcasting   | 1 2 |  2.2
Conjurations   | 1 |  1.9
Air Magic      | 1 |  1.3
Throwing       | |  1.8

Action                   |  1- 3 |  4- 6 |  7- 9 || total
-------------------------+-------+-------+-------++-------
Melee: War axe           |    51 |   119 |   222 ||   392
       Tailslap          |     2 |    14 |    36 ||    52
       Punch             |       |     2 |     4 ||     6
       Broad axe         |       |       |    34 ||    34
Throw: Stone             |       |     2 |       ||     2
       Boomerang         |       |       |     3 ||     3
 Cast: Shock             |       |     2 |    13 ||    15
       Searing Ray       |       |       |     3 ||     3
Evoke: Wand              |       |       |     5 ||     5
  Use: Scroll            |       |     6 |    11 ||    17
       Potion            |       |     1 |     5 ||     6
 Stab: Sleeping          |     2 |     1 |     2 ||     5
Armor: Leather armour    |    21 |    28 |    87 ||   136
       Ring mail         |       |    11 |       ||    11
Dodge: Dodged            |    38 |    76 |   198 ||   312

Table legend: (Time is in decaauts)
 A = Elapsed time spent in this place.
 B = Non-inter-level travel time spent in this place.
 C = Inter-level travel time spent in this place.
 D = Time resting spent in this place.
 E = Time spent auto-exploring this place.
 F = Levels seen in this place.
 G = Mean time per level.
                   A        B        C        D        E       F      G
               +--------+--------+--------+--------+--------+-----+--------+
         Total |   8797 |   8649 |    148 |   1346 |   4500 |  10 |  879.7 |
       Dungeon |   7774 |   7626 |    148 |   1130 |   4282 |   8 |  971.8 |
        Temple |    281 |    281 |      0 |      0 |    218 |   1 |  281.0 |
        Bailey |    740 |    740 |      0 |    216 |      0 |   1 |  740.0 |
               +--------+--------+--------+--------+--------+-----+--------+

Top non-repeatable levels by time:
     D:3: 1717 daAuts
     D:1: 1356 daAuts
     D:4: 1087 daAuts
     D:5: 964 daAuts
     D:6: 929 daAuts
     D:2: 904 daAuts
     D:7: 774 daAuts
  Bailey: 740 daAuts
  Temple: 281 daAuts
     D:8: 40 daAuts
